TOP OF THE 1ST |
Bismarck Barons batting - Pitching for Menlo Maniacs : RHP Juan Caballero
|
Pitching: RHP Juan Caballero
|
|
Batting: SHB Álex Hernández
|
0-0: Ball 1-0: Called Strike 1-1: Ground out 3-1 (Groundball, 34)
|
Batting: LHB Johnny Foley
|
0-0: TRIPLE (Line Drive, 8RXD)
|
Batting: RHB Seiji Kouno
|
0-0: SINGLE (Flyball, 78S) Johnny Foley scores
|
Batting: SHB Jeff Chambers
|
0-0: Ball 1-0: Ball 2-0: Ball 3-0: Base on Balls Seiji Kouno to second
|
Batting: RHB Jon Krohne
|
0-0: Called Strike 0-1: Ball 1-1: SINGLE (Line Drive, 7LM) Seiji Kouno to third Jeff Chambers to second Runner from 3rd tries for Home, SAFE, throw made home Jeff Chambers to third Jon Krohne to second
|
Batting: RHB Félix Trevino
|
0-0: SINGLE (Groundball, 56S) (infield hit) Jeff Chambers scores Jon Krohne to third
|
Batting: RHB Pancho Torres
|
0-0: Ball 1-0: Swinging Strike 1-1: Swinging Strike 1-2: Strikes out swinging
|
Batting: RHB Fernando Castellanos
|
0-0: Fly out, F3 (Popup, 3L)
|
Top of the 1st over - 3 run(s), 4 hit(s), 0 error(s), 2 left on base; Bismarck 3 - Menlo 0 |
BOTTOM OF THE 1ST |
Menlo Maniacs batting - Pitching for Bismarck Barons : LHP Christiano Gomes
|
Pitching: LHP Christiano Gomes
|
|
Batting: RHB Kyle Mann
|
0-0: Swinging Strike 0-1: Foul Ball, location: 2F 0-2: Strikes out swinging
|
Batting: RHB Eleuterio Supardo
|
0-0: Called Strike 0-1: Foul Ball, location: 2F 0-2: Ground out 6-3 (Groundball, 6)
|
Batting: RHB Jason Blair
|
0-0: Ball 1-0: Foul Ball, location: 2F 1-1: Foul Ball, location: 2F 1-2: Ball 2-2: Foul Ball, location: 2F 2-2: SINGLE (Groundball, 6MD)
|
Batting: LHB José Peralta
|
0-0: Foul Ball, location: 2F 0-1: Swinging Strike 0-2: Ball 1-2: Foul Ball, location: 2F 1-2: Foul Ball, location: 2F 1-2: Ground out 6-3 (Groundball, 6M)
|
Bottom of the 1st over - 0 run(s), 1 hit(s), 0 error(s), 1 left on base; Bismarck 3 - Menlo 0 |
TOP OF THE 2ND |
Bismarck Barons batting - Pitching for Menlo Maniacs : RHP Juan Caballero
|
Batting: RHB Felipe Domínguez
|
0-0: Ground out 6-3 (Groundball, 6)
|
Batting: SHB Álex Hernández
|
0-0: Ball 1-0: Ground out 3-1 (Groundball, 34)
|
Batting: LHB Johnny Foley
|
0-0: Ball 1-0: Ball 2-0: SINGLE (Line Drive, 56D)
|
Batting: RHB Seiji Kouno
|
0-0: Called Strike 0-1: SINGLE (Groundball, 56D) Johnny Foley to second
|
Batting: SHB Jeff Chambers
|
0-0: Called Strike 0-1: Ball Wild Pitch! Johnny Foley to third Seiji Kouno to second 1-1: Foul Ball, location: 2F 1-2: Ball 2-2: Ground out 4-3 (Groundball, 4)
|
Top of the 2nd over - 0 run(s), 2 hit(s), 0 error(s), 2 left on base; Bismarck 3 - Menlo 0 |
BOTTOM OF THE 2ND |
Menlo Maniacs batting - Pitching for Bismarck Barons : LHP Christiano Gomes
|
Batting: RHB Manuel Alonso
|
0-0: Called Strike 0-1: SINGLE (Groundball, 56D)
|
Batting: RHB Currito Campos
|
0-0: Called Strike 0-1: Ball 1-1: Ball 2-1: Ball 3-1: Fly out, F3 (Flyball, 3D)
|
Batting: LHB Bernardo Rodríguez
|
0-0: Called Strike Manuel Alonso steals 2nd base 0-1: Ground out U3 (Groundball, 3L) Manuel Alonso to third
|
Batting: SHB José Vélez
|
0-0: Called Strike 0-1: Called Strike Steal of home, Manuel Alonso is safe 0-2: Ball 1-2: Fly out, F6 (Flyball, 6D)
|
Bottom of the 2nd over - 1 run(s), 1 hit(s), 0 error(s), 0 left on base; Bismarck 3 - Menlo 1 |
TOP OF THE 3RD |
Bismarck Barons batting - Pitching for Menlo Maniacs : RHP Juan Caballero
|
Batting: RHB Jon Krohne
|
0-0: Ball 1-0: Ball 2-0: Foul Ball, location: 2F 2-1: Ball 3-1: Base on Balls
|
Batting: RHB Félix Trevino
|
0-0: Foul Ball, location: 2F Pickoff Throw to First - Error! E1 Jon Krohne to second 0-1: Ball 1-1: Ground out 6-3 (Groundball, 6)
|
Batting: RHB Pancho Torres
|
0-0: Foul Ball, location: 2F 0-1: Called Strike 0-2: Strikes out looking
|
Batting: RHB Fernando Castellanos
|
0-0: Ball 1-0: Ground out 6-3 (Groundball, 6)
|
Top of the 3rd over - 0 run(s), 0 hit(s), 1 error(s), 1 left on base; Bismarck 3 - Menlo 1 |
BOTTOM OF THE 3RD |
Menlo Maniacs batting - Pitching for Bismarck Barons : LHP Christiano Gomes
|
Batting: RHB Glenn Carter
|
0-0: Swinging Strike 0-1: Swinging Strike 0-2: Ball 1-2: Strikes out swinging
|
Batting: RHB Kyle Mann
|
0-0: Foul Ball, location: 2F 0-1: Ball 1-1: Foul Ball, location: 2F 1-2: Ground out 1-3 (Groundball, 15)
|
Batting: RHB Eleuterio Supardo
|
0-0: Ball 1-0: Called Strike 1-1: Swinging Strike 1-2: Ball 2-2: Fly out, F6 (Popup, 6MD)
|
Bottom of the 3rd over - 0 run(s), 0 hit(s), 0 error(s), 0 left on base; Bismarck 3 - Menlo 1 |
TOP OF THE 4TH |
Bismarck Barons batting - Pitching for Menlo Maniacs : RHP Juan Caballero
|
Batting: RHB Felipe Domínguez
|
0-0: Foul Ball, location: 2F 0-1: Ball 1-1: Foul Ball, location: 2F 1-2: Strikes out swinging
|
Batting: SHB Álex Hernández
|
0-0: Ball 1-0: Ball 2-0: Ball 3-0: Base on Balls
|
Batting: LHB Johnny Foley
|
0-0: Foul Ball, location: 2F 0-1: Ball 1-1: Ball 2-1: SINGLE (Popup, 3D) Álex Hernández to second Throwing error, E4 Álex Hernández scores Johnny Foley to second
|
Batting: RHB Seiji Kouno
|
0-0: Ball 1-0: Ball 2-0: Called Strike 2-1: Foul Ball, location: 2F 2-2: Ball 3-2: Fly out, F9 (Flyball, 9LMF)
|
Batting: SHB Jeff Chambers
|
0-0: Called Strike 0-1: Ball 1-1: Ball 2-1: Ball 3-1: Foul Ball, location: 2F 3-2: Foul Ball, location: 2F 3-2: Fly out, F7 (Flyball, 7S)
|
Top of the 4th over - 1 run(s), 1 hit(s), 1 error(s), 1 left on base; Bismarck 4 - Menlo 1 |
BOTTOM OF THE 4TH |
Menlo Maniacs batting - Pitching for Bismarck Barons : LHP Christiano Gomes
|
Pitching: RHP Jesús Díaz
|
|
Batting: RHB Jason Blair
|
0-0: SINGLE (Line Drive, 9S)
|
Batting: LHB José Peralta
|
0-0: Ball 1-0: Swinging Strike 1-1: Called Strike 1-2: SINGLE (Flyball, 7S) Jason Blair to second
|
Batting: RHB Manuel Alonso
|
0-0: Called Strike 0-1: Ball 1-1: Ball 2-1: Ball 3-1: Base on Balls Jason Blair to third José Peralta to second
|
Batting: RHB Currito Campos
|
0-0: Ball 1-0: DOUBLE (Line Drive, 9LM) Jason Blair scores José Peralta scores Manuel Alonso to third
|
Batting: LHB Bernardo Rodríguez
|
0-0: Foul Ball, location: 2F 0-1: Foul Ball, location: 2F 0-2: Strikes out swinging
|
Batting: SHB José Vélez
|
0-0: Ball 1-0: Ball 2-0: Called Strike 2-1: Fly out, F9 (Flyball, 9LS)
|
Batting: RHB Glenn Carter
|
0-0: SINGLE (Line Drive, 4M) Manuel Alonso scores Currito Campos to third Runner from 3rd tries for Home, SAFE, no throw
|
Pitching: RHP Tim Horton
|
|
Batting: RHB Kyle Mann
|
0-0: Foul Ball, location: 2F 0-1: Ground out 5-3 (Groundball, 5S)
|
Bottom of the 4th over - 4 run(s), 4 hit(s), 0 error(s), 1 left on base; Bismarck 4 - Menlo 5 |
TOP OF THE 5TH |
Bismarck Barons batting - Pitching for Menlo Maniacs : RHP Juan Caballero
|
Batting: RHB Jon Krohne
|
0-0: Swinging Strike 0-1: Ball 1-1: Swinging Strike 1-2: Ground out 4-3 (Groundball, 4)
|
Batting: RHB Félix Trevino
|
0-0: SINGLE (Line Drive, 8LS)
|
Batting: RHB Pancho Torres
|
0-0: Fly out, F3 (Line Drive, 3L) Lined into DP, U3 (Line Drive, 3L)
|
Top of the 5th over - 0 run(s), 1 hit(s), 0 error(s), 0 left on base; Bismarck 4 - Menlo 5 |
BOTTOM OF THE 5TH |
Menlo Maniacs batting - Pitching for Bismarck Barons : RHP Tim Horton
|
Batting: RHB Eleuterio Supardo
|
0-0: SINGLE (Groundball, 6MD)
|
Batting: RHB Jason Blair
|
0-0: Called Strike 0-1: Ball 1-1: Swinging Strike 1-2: Ball 2-2: Fielders Choice at 2nd, 3-6 (Groundball, 3)
|
Batting: LHB José Peralta
|
0-0: Ball 1-0: Ball 2-0: Ball 3-0: Base on Balls Jason Blair to second
|
Batting: RHB Manuel Alonso
|
0-0: Called Strike 0-1: Ball 1-1: Ball 2-1: SINGLE (Groundball, 6D) Jason Blair to third José Peralta to second Runner from 3rd tries for Home, SAFE, no throw
|
Batting: RHB Currito Campos
|
0-0: Ball José Peralta steals 3rd base Manuel Alonso to second 1-0: Called Strike 1-1: Foul Ball, location: 2F 1-2: Ground out 4-3 (Groundball, 34) José Peralta scores Manuel Alonso to third
|
Batting: LHB Bernardo Rodríguez
|
0-0: Foul Ball, location: 2F 0-1: Ball 1-1: Called Strike 1-2: SINGLE (Groundball, 56D) Manuel Alonso scores
|
Batting: SHB José Vélez
|
0-0: Ball 1-0: Ball 2-0: Called Strike 2-1: Swinging Strike 2-2: Ball 3-2: Strikes out swinging
|
Bottom of the 5th over - 3 run(s), 3 hit(s), 0 error(s), 1 left on base; Bismarck 4 - Menlo 8 |
TOP OF THE 6TH |
Bismarck Barons batting - Pitching for Menlo Maniacs : RHP Juan Caballero
|
Batting: RHB Fernando Castellanos
|
0-0: Called Strike 0-1: Foul Ball, location: 2F 0-2: Ball 1-2: Ball 2-2: Ball 3-2: Foul Ball, location: 2F 3-2: Strikes out swinging
|
Batting: RHB Felipe Domínguez
|
0-0: Ball 1-0: Ball 2-0: Swinging Strike 2-1: Ball 3-1: Fly out, F8 (Flyball, 8LM)
|
Batting: SHB Álex Hernández
|
0-0: Ball 1-0: Swinging Strike 1-1: Ball 2-1: SINGLE (Groundball, 6M) (infield hit)
|
Batting: LHB Johnny Foley
|
0-0: Ball 1-0: Swinging Strike 1-1: SINGLE (Flyball, 8RS) Álex Hernández to second
|
Batting: RHB Seiji Kouno
|
0-0: Foul Ball, location: 2F 0-1: Ball 1-1: 3-RUN HOME RUN (Flyball, 78XD), Distance : 416 ft
|
Pitching: RHP Gerard Gustafson
|
|
Batting: SHB Jeff Chambers
|
0-0: SINGLE (Flyball, 78M)
|
Batting: RHB Jon Krohne
|
0-0: Ball Jeff Chambers is caught stealing 2nd base
|
Top of the 6th over - 3 run(s), 4 hit(s), 0 error(s), 0 left on base; Bismarck 7 - Menlo 8 |
BOTTOM OF THE 6TH |
Menlo Maniacs batting - Pitching for Bismarck Barons : RHP Tim Horton
|
Pitching: RHP Armando Torres
|
|
Batting: RHB Glenn Carter
|
0-0: Ball 1-0: SINGLE (Groundball, 3D)
|
Batting: RHB Kyle Mann
|
0-0: Foul Ball, location: 2F 0-1: Foul Ball, location: 2F 0-2: Ball 1-2: Foul Ball, location: 2F 1-2: Ball 2-2: Ball 3-2: Strikes out swinging
|
Batting: RHB Eleuterio Supardo
|
0-0: Ball 1-0: Grounds into double play, 4-6-3 (Groundball, 4)
|
Bottom of the 6th over - 0 run(s), 1 hit(s), 0 error(s), 0 left on base; Bismarck 7 - Menlo 8 |
TOP OF THE 7TH |
Bismarck Barons batting - Pitching for Menlo Maniacs : RHP Gerard Gustafson
|
Batting: RHB Jon Krohne
|
0-0: Called Strike 0-1: Ground out U3 (Groundball, 34)
|
Batting: RHB Félix Trevino
|
0-0: Ball 1-0: Called Strike 1-1: Ball 2-1: Foul Ball, location: 2F 2-2: Ball 3-2: Base on Balls
|
Pinch Hitting: SHB Manuel Hegnauer
|
0-0: Ball 1-0: Called Strike 1-1: Swinging Strike 1-2: Ball 2-2: Ball 3-2: Foul Ball, location: 2F 3-2: Base on Balls Félix Trevino to second
|
Batting: RHB Fernando Castellanos
|
0-0: Ball 1-0: Ball 2-0: Swinging Strike 2-1: Swinging Strike 2-2: Grounds into double play, 4-6-3 (Groundball, 34)
|
Top of the 7th over - 0 run(s), 0 hit(s), 0 error(s), 1 left on base; Bismarck 7 - Menlo 8 |
BOTTOM OF THE 7TH |
Menlo Maniacs batting - Pitching for Bismarck Barons : RHP Armando Torres
|
Now in LF: Jesús Bueno
|
|
Batting: RHB Jason Blair
|
0-0: Called Strike 0-1: Ground out U3 (Groundball, 3)
|
Batting: LHB José Peralta
|
0-0: Ball 1-0: Ball 2-0: Ball 3-0: Base on Balls
|
Pinch Hitting: LHB Tim Ramsey
|
0-0: Ball Passed Ball! José Peralta to second 1-0: Intentional Walk
|
Pinch Hitting: RHB Joe Noble
|
0-0: Ball José Peralta steals 3rd base Tim Ramsey to second 1-0: Called Strike 1-1: Ground out U3 (Groundball, 3)
|
Batting: LHB Bernardo Rodríguez
|
0-0: Ball 1-0: Ball 2-0: Called Strike 2-1: Swinging Strike 2-2: Strikes out swinging
|
Bottom of the 7th over - 0 run(s), 0 hit(s), 0 error(s), 2 left on base; Bismarck 7 - Menlo 8 |
TOP OF THE 8TH |
Bismarck Barons batting - Pitching for Menlo Maniacs : RHP Gerard Gustafson
|
Pitching: LHP Joe Jenkins
|
|
Now at 1B: Joe Noble
|
|
Now in CF: Ryan Holcomb
|
|
Batting: RHB Felipe Domínguez
|
0-0: Ball 1-0: Foul Ball, location: 2F 1-1: Foul Ball, location: 2F 1-2: Ball 2-2: Ball 3-2: Base on Balls
|
Batting: SHB Álex Hernández
|
0-0: Sac Bunt - play at first, batter OUT! 1-4 Felipe Domínguez to second
|
Pinch Hitting: RHB Mark Roy
|
0-0: Ground out 3-1 (Groundball, 34S) Felipe Domínguez to third
|
Batting: RHB Seiji Kouno
|
0-0: Ball 1-0: Called Strike 1-1: Ball 2-1: Swinging Strike 2-2: Foul Ball, location: 2F 2-2: Foul Ball, location: 2F 2-2: Strikes out swinging
|
Top of the 8th over - 0 run(s), 0 hit(s), 0 error(s), 1 left on base; Bismarck 7 - Menlo 8 |
BOTTOM OF THE 8TH |
Menlo Maniacs batting - Pitching for Bismarck Barons : RHP Armando Torres
|
Now in CF: Manny Salazar
|
|
Batting: SHB José Vélez
|
0-0: Ball 1-0: SINGLE (Line Drive, 9LS)
|
Batting: RHB Glenn Carter
|
0-0: Ball Throwing error on steal attempt, E2 José Vélez to third 1-0: Ball 2-0: Ball 3-0: Called Strike 3-1: Called Strike 3-2: Foul Ball, location: 2F 3-2: Ground out U3 (Groundball, 34S)
|
Pinch Hitting: LHB Robby Lawson
|
0-0: Ball 1-0: Swinging Strike 1-1: Ball 2-1: Swinging Strike 2-2: Strikes out looking
|
Batting: RHB Eleuterio Supardo
|
0-0: Called Strike 0-1: Ground out 6-3 (Groundball, 6)
|
Bottom of the 8th over - 0 run(s), 1 hit(s), 1 error(s), 1 left on base; Bismarck 7 - Menlo 8 |
TOP OF THE 9TH |
Bismarck Barons batting - Pitching for Menlo Maniacs : LHP Joe Jenkins
|
Pitching: RHP Fernando Valdés
|
|
Now at 2B: Miguel González
|
|
Now in LF: Byron Bracy
|
|
Batting: SHB Jeff Chambers
|
0-0: Ball 1-0: Ball 2-0: Ball 3-0: Base on Balls
|
Batting: RHB Jon Krohne
|
0-0: Foul Ball, location: 2F 0-1: Ball 1-1: Foul Ball, location: 2F 1-2: Foul Ball, location: 2F 1-2: Ball 2-2: Foul Ball, location: 2F 2-2: Ground out 6-3 (Groundball, 6MD) Jeff Chambers to second
|
Pinch Hitting: LHB Jorge Fernández
|
0-0: Ball 1-0: Called Strike 1-1: Ball 2-1: Swinging Strike 2-2: Ball 3-2: Ground out 4-3 (Groundball, 4MS) Jeff Chambers to third
|
Batting: LHB Jesús Bueno
|
0-0: Foul Ball, location: 2F 0-1: Ball 1-1: Ball 2-1: Swinging Strike 2-2: Ball 3-2: Foul Ball, location: 2F 3-2: Ground out 6-3 (Groundball, 6)
|
Top of the 9th over - 0 run(s), 0 hit(s), 0 error(s), 1 left on base; Bismarck 7 - Menlo 8 |
|